 Dungeon Crawl Stone Soup version 0.22-a0-247-gbddf880757 (webtiles) character file.

870 RedPan the Slasher (level 7, -3/52 HPs)
             Began as a Demonspawn Monk on Feb 24, 2018.
             Killed by divine providence
             ... invoked by an orc priest
              (14 damage)
             ... on level 6 of the Dungeon.
             The game lasted 00:10:13 (5578 turns).

RedPan the Slasher (Demonspawn Monk)                Turns: 5578, Time: 00:10:15

Health: -3/52      AC: 11    Str: 14    XL:     7   Next: 73%
Magic:  7/7        EV: 11    Int: 11    God:
Gold:   287        SH:  5    Dex: 15    Spells: 6/6 levels left

rFire    . . .     SeeInvis .   a - +2 falchion
rCold    . . .     Gourm    .   i - +0 buckler
rNeg     . . .     Faith    .   n - +1 scale mail
rPois    +         Spirit   .   u - +0 helmet
rElec    .         Reflect  .   (no cloak)
rCorr    .         Harm     .   (no gloves)
MR       .....                  d - +0 pair of boots
Stlth    +.........             e - amulet of regeneration
HPRegen  0.57/turn              x - ring of wizardry
MPRegen  0.10/turn              t - ring of poison resistance

@: about to teleport
A: thin metallic scales 1
a: no special abilities


You were on level 6 of the Dungeon.
You were not hungry.

You visited 1 branch of the dungeon, and saw 6 of its levels.

You collected 287 gold pieces.

Inventory:

Hand Weapons
 a - a +2 falchion (weapon)
Armour
 d - a +0 pair of boots (worn)
 i - a +0 buckler (worn)
 n - a +1 scale mail (worn)
 u - a +0 helmet (worn)
Jewellery
 e - an amulet of regeneration (around neck)
 g - an uncursed ring of ice
 q - an uncursed ring of flight
 t - a ring of poison resistance (right hand)
 v - an uncursed amulet of rage
 x - a ring of wizardry (left hand)
Wands
 r - a wand of iceblast (10)
 s - a wand of digging (14)
Scrolls
 f - a scroll of fear
 k - 2 scrolls of enchant armour
 l - a scroll of teleportation
 o - 2 scrolls of remove curse
 y - a scroll of identify
Potions
 b - a potion of magic
 h - a potion of resistance
 j - a potion of ambrosia
 m - a potion of cancellation {unknown}
 p - 2 potions of curing
 w - a potion of might {unknown}
 z - 2 potions of flight
Comestibles
 c - 6 rations


   Skills:
 - Level 3.0 Fighting
 * Level 6.1 Long Blades
 + Level 2.1 Armour
 + Level 4.6 Dodging
 - Level 1.7 Stealth
 + Level 3.4 Shields


You had 6 spell levels left.
You didn't know any spells.

Dungeon Overview and Level Annotations

Branches:
Dungeon (6/15)
 Temple: D:4-7

Altars:
Dithmenos
Gozag
Trog
Uskayaw


Innate Abilities, Weirdness & Mutations

You are partially covered in thin metallic scales. (AC +2)


Message History

The orc priest is almost dead.
The orc priest calls down the wrath of Beogh upon you.
Beogh smites you!
You barely miss the orc priest.
The orc priest is almost dead.
You hit the orc warrior.
The orc warrior is lightly wounded.
You hit the orc warrior but do no damage.
The orc warrior is lightly wounded.
You block the orc warrior's attack.
The orc priest invokes the aid of Beogh against you.
Beogh smites you!
The orc priest casts a cantrip, but nothing happens.
As you read the scroll of teleportation, it crumbles to dust.
You feel strangely unstable.
The orc warrior hits you with a battleaxe!
* * * LOW HITPOINT WARNING * * *
The orc priest invokes the aid of Beogh against you.
Beogh smites you!
You die... #### .... ... ..# #.####### #. #oo.ooo..

#..######o########
#........o........
#.#####..@#####.#.
#.# #.......#. #.#
#..........
#.####.###
#.#####.#.#
#........# #.# #
######.#.# #.#
######.#.# #.#
#......#.###.#####
##.####.#.........#


You could see an orc warrior, an orc priest and 2 orcs.

Vanquished Creatures
  A phantom (D:4)
  A sky beast (D:5)
  4 ogres
  An orc priest (D:4)
  A jelly (D:4)
  3 iguanas
  2 worker ants
  5 adders
  An ooze (D:1)
  2 worms
  2 adder skeletons (D:4)
  2 dart slugs
  4 leopard geckos
  12 orcs
  4 giant cockroaches
  12 goblins
  5 hobgoblins
  4 jackals (D:5)
  4 quokkas
  10 bats
  5 frilled lizards
  A jackal skeleton (D:4)
  14 kobolds
  A quokka zombie (D:5)
  8 rats
109 creatures vanquished.

Notes
Turn   | Place    | Note
-------+----------+-------------------------------------------
     0 | D:1      | RedPan the Demonspawn Monk began the quest for the Orb.
     0 | D:1      | Reached XP level 1. HP: 18/18 MP: 1/1
   172 | D:1      | Reached skill level 3 in Long Blades
   187 | D:1      | Gained mutation: You are partially covered in thin metallic scales. (AC +2) [demonic ancestry]
   187 | D:1      | Reached XP level 2. HP: 24/24 MP: 2/2
   651 | D:2      | Reached XP level 3. HP: 18/29 MP: 3/3
   902 | D:2      | Noticed a moth of wrath
   905 | D:2      | Found a bloodstained altar of Trog.
  1177 | D:2      | Reached skill level 1 in Shields
  1410 | D:2      | Reached XP level 4. HP: 22/35 MP: 4/4
  2196 | D:3      | Reached skill level 4 in Long Blades
  2472 | D:3      | Found a hide-covered altar of Uskayaw.
  3242 | D:3      | Reached XP level 5. HP: 29/41 MP: 5/5
  3595 | D:4      | Noticed an ogre
  3606 | D:4      | Killed an ogre
  3606 | D:4      | Reached XP level 6. HP: 47/47 MP: 6/6
  3631 | D:4      | Reached skill level 5 in Long Blades
  3979 | D:4      | Reached skill level 1 in Armour
  4389 | D:5      | Entered Level 5 of the Dungeon
  4389 | D:5      | Noticed a sky beast
  4409 | D:5      | Killed a sky beast
  4409 | D:5      | Reached XP level 7. HP: 45/52 MP: 7/7
  4425 | D:5      | Found an opulent altar of Gozag.
  4425 | D:5      | Found a shadowy altar of Dithmenos.
  5511 | D:6      | Reached skill level 6 in Long Blades
  5578 | D:6      | Killed from afar by an orc priest

Vault maps used:
D:1:      dpeg_arrival_long_road
D:2:      kennysheep_the_goblin_king, tgw_trog
D:3:      nicolae_overflow_hidden_temple, minivault_24,
          hangedman_abyss_or_decor_lesser_grid
D:4:      kennysheep_generic_room_6
D:5:      grunt_temple_overflow_open, first_ration, kennysheep_nondescript,
          minivault_19, grunt_ministairs_11, nrook_mini_backslash
D:6:      xom_butterflies, uniq_eustachio, uniq_menkaure

Skill      XL: |  1  2  3  4  5  6  7 |
---------------+----------------------+-----
Long Blades    | 3 4 5 6 |  6.1
Dodging        | 3 4 |  4.6
Shields        | 1 2 3 |  3.4
Armour         | 1 2 |  2.1
Fighting       | |  3.0
Stealth        | |  1.7

Action                   |  1- 3 |  4- 6 |  7- 9 || total
-------------------------+-------+-------+-------++-------
Melee: Falchion          |   155 |   223 |    93 ||   471
  Use: Scroll            |       |     8 |     8 ||    16
 Stab: Sleeping          |     3 |     4 |       ||     7
  Eat: Chunk             |     2 |     6 |     4 ||    12
       Ration            |       |     1 |       ||     1
Armor: Robe              |    40 |    11 |       ||    51
       Scale mail        |       |    59 |    14 ||    73
       Leather armour    |       |     1 |       ||     1
Dodge: Dodged            |   101 |    97 |    37 ||   235
Block: Buckler           |    21 |    32 |    19 ||    72
       Rpst.: Falchion   |    36 |    36 |    13 ||    85

Table legend:
 A = Spawn XP
 B = Non-spawn XP
 C = Spawn XP percentage of total XP
 D = Spawn monster count
 E = Non-spawn monster count
 F = Spawn count percentage of total count
 G = Total turns spent on level
                    A         B        C        D         E        F      G
               +---------+---------+-------+---------+---------+-------+---------
         Total |       0 |    1244 |   0.0 |       0 |     109 |   0.0 |  5578
               +---------+---------+-------+---------+---------+-------+---------
           D:1 |       0 |      39 |   0.0 |       0 |      24 |   0.0 |   600
           D:2 |       0 |     101 |   0.0 |       0 |      30 |   0.0 |  1488
           D:3 |       0 |      72 |   0.0 |       0 |      16 |   0.0 |  1188
           D:4 |       0 |     478 |   0.0 |       0 |      21 |   0.0 |  1115
           D:5 |       0 |     422 |   0.0 |       0 |      16 |   0.0 |  1053
           D:6 |       0 |     132 |   0.0 |       0 |       2 |   0.0 |   134
               +---------+---------+-------+---------+---------+-------+---------
